 Dungeon Crawl Stone Soup version 0.31-a0-819-gf6de2f5ab6 (webtiles) character file.

Game seed: 14230060294992530548

46 qw the Shooter (level 3, -4/22 HPs)
             Began as a Gargoyle Hunter on Sept 23, 2023.
             Slain by a goblin
             ... wielding a +2 dagger of venom
             ... led by Robin
              (5 damage)
             ... on level 2 of the Dungeon.
             The game lasted 00:00:23 (931 turns).

qw the Shooter (Gargoyle Hunter)                     Turns: 931, Time: 00:00:24

Health: -4/22      AC:  8    Str: 14    XL:     3   Next: 68%
Magic:  3/3        EV: 10    Int:  9    God:
Gold:   21         SH:  0    Dex: 15    Spells: 2/2 levels left

rFire   . . .        Y - +1 shortbow
rCold   . . .        (shield currently unavailable)
rNeg    + . .        f - +0 ring mail
rPois   inf          (no helmet)
rElec   +            (no cloak)
rCorr   .            (no gloves)
SInv    .            (no boots)
Will    .....        (no amulet)
Stlth   +            (no ring)
HPRegen 0.23/turn    (no ring)
MPRegen 0.08/turn

%: no passive effects
@: no status effects
A: sickness immunity, AC +3, negative energy resistance 1, electricity
resistance, torment resistance 1, petrification resistance
a: no special abilities


You were on level 2 of the Dungeon.
You visited 1 branch of the dungeon, and saw 2 of its levels.

You collected 21 gold pieces.


Innate Abilities, Weirdness & Mutations

You are immune to sickness and miasma.
Your stone body is resilient. (AC +3)
You are immune to poison.
You resist negative energy. (rN+)
You are resistant to electric shocks. (rElec)
You are resistant to unholy torment.
You are immune to petrification.


   Skills:
 + Level 2.5 Fighting
 - Level 5.0 Ranged Weapons
 - Level 1.0 Armour
 - Level 1.5 Dodging
 - Level 1.1 Stealth


You had 2 spell levels left.
You didn't know any spells.
Your spell library was empty.

Inventory:

Hand Weapons
 Y - a +1 shortbow (weapon)
Armour
 f - a +0 ring mail (worn)
Scrolls
 a - a scroll of identify {unknown}
Potions
 g - a potion of mutation {unknown}
 h - a potion of might {unknown}

Dungeon Overview and Level Annotations

Branches:
Dungeon (2/15)

Altars:

Annotations:
D:2 Robin


Message History

The hobgoblin is moderately wounded.
You hear a shout! x2
A goblin comes into view. It is wielding a +0 club.
You shoot an arrow. The arrow hits the hobgoblin.
The hobgoblin is almost dead.
A hobgoblin comes into view.
You shoot an arrow. The arrow hits the hobgoblin!
You kill the hobgoblin!
An adder comes into view.
The goblin unwields a +0 dagger.
The goblin wields a +0 sling.
The goblin shoots a sling bullet.
The sling bullet hits you but does no damage.
An endoplasm comes into view.
A goblin comes into view. It is wielding a +0 club.
The goblin hits you but does no damage.
The adder moves out of view.
Your Armour skill increases to level 1!
You shoot an arrow. The arrow closely misses the goblin.
The goblin shoots a sling bullet.
The sling bullet barely misses you.
Robin of the Strong Arm comes into view.
They are wielding a +0 dagger.
The goblin barely misses you.
The goblin shoots a sling bullet.
The sling bullet barely misses you.
You shoot an arrow. The arrow hits the goblin.
You kill the goblin!
Robin throws the goblin at you! The goblin closely misses you.
The goblin shoots a sling bullet.
The sling bullet barely misses you.
You shoot an arrow. The arrow hits the goblin.
The goblin is heavily wounded.
Robin roars a battlecry!
The goblins go into a battle-frenzy!
The goblin hits you with a +2 dagger of venom.
You shoot an arrow. The arrow barely misses the goblin.
The hobgoblin hits you.
The goblin hits you with a +2 dagger of venom.
The goblin hits you but does no damage. The goblin hits you with a +0 club.
The hobgoblin hits you but does no damage.
A goblin comes into view. It is wielding a +0 club.
You shoot an arrow. The arrow closely misses the goblin.
The goblin hits you with a +0 club. The endoplasm barely misses you.
The goblin hits you with a +2 dagger of venom.
You die...

#...# #. #...# .. #.
#...# .. ... .. #...#
.. ....##.
#...#####.# .....
#.......#.#
#.#.###.#####.#.#
#.##..Jg##.# #.#.#
.....gg@)..# #.#.#
##.#.Sg)##.# #...#
#.g#.##.#####.###.#
...g###.....%.....(.#
#.#. .##.##..#######
#. . #.##..# . #
#.##..# ##.##..#
#......#


You could see Robin, an adder, an endoplasm, a hobgoblin (strong) and 4 goblins.

Vanquished Creatures
  3 ball pythons (D:1)
  4 endoplasms
  A giant cockroach (D:1)
  6 goblins
  5 hobgoblins
  3 jackals (D:1)
  3 quokkas (D:1)
  6 bats (D:1)
  6 frilled lizards
  3 kobolds (D:1)
  A rat (D:1)
41 creatures vanquished.

Notes
Turn   | Place    | Note
-------+----------+-------------------------------------------
     0 | D:1      | qw the Gargoyle Hunter began the quest for the Orb.
     0 | D:1      | Reached XP level 1. HP: 12/12 MP: 1/1
     0 | D:1      | 0 ||| qw: Version: 0.3-a-83-gcd0e7d8
     0 | D:1      | 0 ||| qw: Game counter: 1511
     0 | D:1      | 0 ||| qw: Melee chars always use a shield: true
     0 | D:1      | 0 ||| qw: God list: Okawaru
     0 | D:1      | 0 ||| qw: Allow faded altars: false
     0 | D:1      | 0 ||| qw: Do Orc after clearing Dungeon:15 true
     0 | D:1      | 0 ||| qw: Do second Lair branch before Depths: true
     0 | D:1      | 0 ||| qw: Lair rune preference: random
     0 | D:1      | 0 ||| qw: Goals: Normal
     0 | D:1      | 0 ||| PLANNING D:1-11
   130 | D:1      | Reached XP level 2. HP: 17/17 MP: 2/2
   366 | D:1      | Reached XP level 3. HP: 21/21 MP: 3/3
   469 | D:1      | Reached skill level 5 in Ranged Weapons
   472 | D:1      | Found a faded altar of an unknown god.
   853 | D:1      | 853 ||| UPGRADING to +0 ring mail.
   863 | D:1      | 863 ||| DROPPING +0 leather armour.
   864 | D:1      | 864 ||| READING scroll labelled ESERCH BULEPLI.
   865 | D:1      | 865 ||| READING scroll labelled TEOGGU WOIZ.
   866 | D:1      | 866 ||| DROPPING scroll of butterflies.
   927 | D:2      | Reached skill level 1 in Armour
   927 | D:2      | Noticed Robin
   931 | D:2      | HP: 1/22 [goblin/+0 club[Robin] (6)]
   931 | D:2      | Slain by a goblin

Levels and vault maps discovered:
D:1:      dpeg_arrival_leaves_temple_mockup, layout_loops_corners,
          shapermc_ecumenical_altar_starsandcircs
D:2:      layout_loops_ring, uniq_robin, uniq_natasha

Skill      XL: |  1  2  3 |
---------------+----------+-----
Ranged Weapons | 5 |  5.0
Armour         | 1 |  1.0
Fighting       | |  2.5
Dodging        | |  1.5
Stealth        | |  1.1

Action                     || total
---------------------------++-------
   Fire: Shortbow          ||   107
    Use: Scroll            ||     2
 Armour: Leather armour    ||    27
         Ring mail         ||    10
  Dodge: Dodged            ||    45

Table legend:
 A = Non-vault XP
 B = Vault XP
 C = Vault XP percentage of total XP
 D = Non-vault monster count
 E = Vault monster count
 F = Vault count percentage of total count
                 A         B        C        D         E       F
            +---------+---------+-------+---------+---------+-------
      Total |      57 |      10 |  14.9 |      36 |       5 |  12.2
            +---------+---------+-------+---------+---------+-------
        D:1 |      52 |       0 |   0.0 |      33 |       0 |   0.0
        D:2 |       5 |      10 |  66.7 |       3 |       5 |  62.5
            +---------+---------+-------+---------+---------+-------
